 Dungeon Crawl Stone Soup version 0.30-a0-639-g3916f1956a (webtiles) character file.

Game seed: 1541413515620500089

5 drugrobin the Sneak (level 1, -6/18 HPs)
             Began as a Demigod Delver on Jan 15, 2023.
             Mangled by a phantom (7 damage)
             ... on level 4 of the Dungeon.
             The game lasted 00:01:48 (345 turns).

drugrobin the Sneak (Demigod Delver)                 Turns: 345, Time: 00:01:48

Health: -6/18      AC:  3    Str: 13    XL:     1   Next: 53%
Magic:  3/3        EV: 11    Int: 12    God:
Gold:   50         SH:  0    Dex: 15    Spells: 0/0 levels left

rFire   . . .      SeeInvis .      - Unarmed
rCold   . . .      Faith    .    (no shield)
rNeg    . . .      Spirit   .    a - +0 leather armour
rPois   .          Reflect  .    (no helmet)
rElec   .          Harm     .    (no cloak)
rCorr   .          Rampage  .    (no gloves)
Will    .....                    (no boots)
Stlth   +++                      (no amulet)
HPRegen 0.23/turn                (no ring)
MPRegen 0.08/turn                (no ring)

@: no status effects
A: high MP 1, forlorn, divine attributes
a: no special abilities


You were on level 4 of the Dungeon.
You visited 1 branch of the dungeon, and saw 2 of its levels.

You collected 50 gold pieces.

Inventory:

Hand Weapons
 b - a +0 sling
Armour
 a - a +0 leather armour (worn)
Wands
 f - a wand of digging (3)
Scrolls
 c - a scroll of magic mapping
 d - 2 scrolls of fear
 h - a scroll of teleportation {unknown}
 k - a scroll of identify {unknown}
 l - a scroll of fog
Potions
 e - a potion of haste
 g - a potion of heal wounds {unknown}
 i - a potion of ambrosia {unknown}
 j - a potion of attraction {unknown}


   Skills:
 - Level 2.6 Fighting
 - Level 1.7 Dodging
 - Level 4.5 Stealth
 + Level 2.2 Unarmed Combat


You couldn't memorise any spells.
You didn't know any spells.
Your spell library was empty.

Dungeon Overview and Level Annotations

Branches:
Dungeon (5/15)
 Temple: D:4-7

Annotations:
D:4 exclusions: ogre and phantom
D:5 exclusions: black bear and jelly


Innate Abilities, Weirdness & Mutations

You have an increased reservoir of magic. (+10% MP)
You shall have no god before yourself.
Your divine heritage dramatically boosts your attributes as you level up.


Message History

You hit the phantom but do no damage.
The phantom is heavily damaged.
The phantom closely misses you.
You closely miss the phantom.
The phantom is heavily damaged.
The phantom hits you but does no damage.
You barely miss the phantom.
The phantom is heavily damaged.
You hit the phantom but do no damage.
The phantom is heavily damaged.
The phantom hits you but does no damage.
You miss the phantom.
The phantom is heavily damaged.
The phantom hits you.
The phantom blinks!
You blink.
You closely miss the phantom.
The phantom is heavily damaged.
The phantom barely misses you.
You hit the phantom but do no damage.
The phantom is heavily damaged.
The phantom hits you but does no damage.
You hit the phantom.
The phantom is severely damaged.
The phantom barely misses you.
You closely miss the phantom.
The phantom is severely damaged.
The phantom barely misses you.
You closely miss the phantom.
The phantom is severely damaged.
The phantom hits you.
* * * LOW HITPOINT WARNING * * *
You hit the phantom but do no damage.
The phantom is severely damaged.
The phantom hits you.
* * * LOW HITPOINT WARNING * * *
Unknown command.
Unknown command.
You hit the phantom.
The phantom is almost destroyed.
The phantom hits you!
You die...

.....#
##...
#.....##
#.# #...
#....##
...
...##
#...##
.. ...#
##...#
...##
#...##
##..##
##...#
#...##
##@.##
#.W##
#..##
#..#
...#
....#
...# ...
..


You could see a phantom.

Vanquished Creatures
  An endoplasm (D:4)
  A goblin (D:4)
  A hobgoblin (D:4)
  A quokka (D:4)
4 creatures vanquished.

Notes
Turn   | Place    | Note
-------+----------+-------------------------------------------
     0 | D:5      | drugrobin the Demigod Delver began the quest for the Orb.
     0 | D:5      | Reached XP level 1. HP: 18/18 MP: 3/3
     6 | D:5      | Noticed a jelly
    22 | D:5      | Noticed a black bear
   120 | D:4      | Noticed an ogre
   259 | D:4      | Noticed a jelly
   321 | D:4      | Noticed a phantom
   345 | D:4      | Mangled by a phantom

Illustrated notes

Levels and vault maps discovered:
D:4:      layout_layer_cave, cheibrodos_worm_habitat, minmay_misc_feat_x
D:5:      layout_loops_ring, serial_shops, shop_fountains, nicolae_square_shop,
          nicolae_shop_hallway_stairs

Skill      XL: |  1 |
---------------+----+-----
Unarmed Combat | 2 |  2.2
Fighting       | |  2.6
Dodging        | |  1.7
Stealth        | |  4.5

Action                   || total
-------------------------++-------
Melee: Unarmed           ||    28
 Fire: Sling             ||     4
Armor: Leather armour    ||     5
Dodge: Dodged            ||    10

Table legend: (Time is in decaauts)
 A = Elapsed time spent in this place.
 B = Non-inter-level travel time spent in this place.
 C = Inter-level travel time spent in this place.
 D = Time resting spent in this place.
 E = Time spent auto-exploring this place.
 F = Levels seen in this place.
 G = Mean time per level.
                   A        B        C        D        E       F      G
               +--------+--------+--------+--------+--------+-----+--------+
         Total |    344 |    344 |      0 |      0 |    112 |   2 |  172.0 |
       Dungeon |    344 |    344 |      0 |      0 |    112 |   2 |  172.0 |
               +--------+--------+--------+--------+--------+-----+--------+

Top non-repeatable levels by time:
     D:4: 315 daAuts
     D:5: 29 daAuts
